nht, neutral male scurrid Tourist h h G h G ---. G |.). G --G-- .@.G .I. G G G G nht the Sightseer Experience level: 5 Strength: 15 Dexterity: 10 Constitution: 12 Intelligence: 15 Wisdom: 7 Charisma: 16 Health: 0(32) Energy: 19(19) Def: 0 Gold: 29 Moves: 472 Dungeon seed: Y0HBSKq6oBkQdSK6 Game ID: nht_1514983732 Your Inventory: Coins $ - 29 gold pieces Weapons a - 49 uncursed +2 darts (in quiver) s - 4 uncursed +0 darts w - an uncursed +0 silver saber N - 11 cursed -1 darts Armor e - an uncursed +0 Hawaiian shirt (being worn) y - an uncursed +0 dwarvish cloak J - an uncursed +0 pair of iron shoes Comestibles b - an uncursed lembas wafer c - an uncursed pancake d - 6 uncursed food rations g - an uncursed sprig of wolfsbane u - an uncursed lichen corpse D - 2 uncursed tripe rations Scrolls h - an uncursed scroll of genocide k - 3 uncursed scrolls of magic mapping x - a blessed scroll of light C - a cursed scroll of enchant weapon O - an uncursed scroll of remove curse U - an uncursed scroll of blank paper Potions p - an uncursed potion of water Wands i - an uncursed wand of speed monster (0:4) o - an uncursed wand of secret door detection (0:14) Tools f - an uncursed stethoscope m - an uncursed expensive camera (0:55) t - an uncursed towel v - an uncursed skeleton key z - an uncursed magic whistle A - an uncursed credit card Gems n - an uncursed worthless piece of yellowish brown glass q - an uncursed worthless piece of black glass r - an uncursed opal Y - an uncursed worthless piece of red glass Spells and supernatural/magical abilities: Name Level Category Fail Memory W - pray for help -- divine ? -- Your skills at the end: Miscellaneous Skills wands [Basic] Weapon Skills dart [Basic] Spellcasting Skills Final Attributes: You were piously aligned. You were blinded. Your writing paw was a little cramped from use. You were telepathic. You had infravision. You were very stealthy. You were very fast. You were lucky. You are dead. Vanquished creatures: a giant mimic a fog cloud a gnome lord a paper golem a giant ant 2 floating eyes 4 dwarves a jitterbug a giant bat 2 hobbits a large kobold a gecko a hobgoblin 7 gnomes 2 manes 2 kobolds 2 newts a grid bug 2 lichens a kobold zombie 35 creatures vanquished. Voluntary challenges: You did not adorn yourself with jewelry or accessories. You did not cause conflict. You were not invisible. You did not have reflection. You were not displaced. You used a wielded weapon 9 times, starting on turn 108. You did not use containers. You did not apply a unicorn horn. You did not use plumbed fixtures. You read items or engraved 2 times, starting on turn 12. You never genocided any monsters. You never polymorphed an object. You never changed form. You used no wishes. You never split a pudding. You wrote Elbereth's name 1 time, starting on turn 391. You never violated your personal moral code. Dungeon overview: The Dungeons of Doom: levels 1 to 3 Level 1 a long staircase Level 2 a delicatessen, a fountain stairs to The Gnomish Mines Level 3 The Gnomish Mines: levels 3 to 7 Level 3 stairs to The Dungeons of Doom Level 4 Level 5 Level 6 some shops, a temple to Blind Io, some fountains Level 7 <- You were here History has recorded: On T:1 you entered the Dungeons of Doom to retrieve the Amulet of Yendor! On T:7 you reached level 2 of The Dungeons of Doom. On T:22 you reached level 3 of The Dungeons of Doom. On T:133 you reached level 1 of The Gnomish Mines. On T:147 you reached level 2 of The Gnomish Mines. On T:148 you advanced to experience level 2. On T:220 you reached level 3 of The Gnomish Mines. On T:236 you advanced to experience level 3. On T:293 you advanced to experience level 4. On T:331 you prayed to The Lady. On T:382 you reached level 4 of The Gnomish Mines. On T:401 you advanced to experience level 5. On T:448 you entered the Minetown temple Score breakdown: Gold: 0 ( 0 points) Experience: 5 levels ( 400 points) Exploration: 7 levels ( 180 points) Discoveries: 8 items ( 400 points) Variety of kills: 20 monsters ( 1000 points) Major goal: reached Minetown ( 500 points) Survival: died (score multiplied by 3) Total score: 7440 Latest messages: The gnome lord picks up an uncursed +2 dart. a - 2 uncursed +2 darts (in quiver). You begin bashing monsters with your bare paws. You claw the gnome lord. The dart hits the gnome lord. The gnome lord zaps a wand of digging! The gnome lord has made a hole in the floor. The gnome lord falls through... There are a few objects here. a - an uncursed +2 dart (in quiver). $ - 23 gold pieces. There are several more objects here. There's a gaping hole under you! One of the adjacent objects falls through the hole. You see here a broad short sword. (2x) You kill the gnome! a - an uncursed +2 dart (in quiver). You are momentarily blinded by a flash of light! Your feet are frozen to the floor! Something scratches you! (5x) The gnome king stabs you! You die... Final status: Aloha nht the Tourist, killed by a gnome king, while frozen by a potion... You died in The Gnomish Mines on dungeon level 7 with 7440 points, and 29 pieces of gold, after 472 moves. You were level 5 with a maximum of 32 hit points when you died.